AoeStats
← 30Wololo

Arabian Desert

509110861Analyzed
1v1 RM · 5d ago on Sep 25, 2026· 13m 56s· 2 players
Game mode
Random Map
Map size
Tiny (2 player)
Population
200
Speed
Normal
Resources
Standard
Victory
Conquest
Starting age
Dark Age
Ending age
Imperial Age
RankedLock teamsTeams togetherTeam positionsShared explorationLock speedFull tech treeHidden civsTurbo modeCheats
Victory
Defeat
🇭🇺 Varangians · Hungary
1003
+17
🇪🇸 Burgundians · Spain
1016
-17
30Wololo
4:03 Loom
10:56 Feudal Age
11:19 Man-at-Arms
12:35 Arson
FLAKOSKY
5:25 Loom
8:45 Feudal Age
8:03 Double-Bit Axe
8:20 Gold Mining
11:12 Town Watch
Connection lost

Rejoining the realm…

Still unreachable

The connection could not be restored.

Session expired

The server has moved on; the page needs a fresh start.